Map: [ESL] Site Delta

Players

Jieshi - Winner!

  • Race: Protoss Protoss
  • Spawn Location: 5:00

Coffee

  • Race: Terran Terran
  • Spawn Location: 11:00

Event: ESL SC2 Masters 2023 Winter (Regional)

VOD

Have the link to the VOD?

Description

Time

  • Played on: Nov. 17, 2023, 7:35 a.m.
  • Length: 5:03

All games in this series

Show
View Real Time Build Order
Export as new Build Order

Jieshi Protoss - Winner!

Build Orders: 1 Gate Expand, Blink Stalkers 

Get SALT Encoding   

  12  0:00  Probe  
  13  0:12  Probe  
  14  0:17  Pylon  
  14  0:24  Probe (Chrono Boost)  
  15  0:36  Gateway  
  15  0:37  Probe (Chrono Boost)  
  16  0:43  Probe (Chrono Boost)  
  16  0:46  Assimilator  
  17  0:51  Probe  
  18  1:03  Probe  
  19  1:15  Probe  
  20  1:23  Cybernetics Core  
  20  1:32  Nexus  
  20  1:38  Pylon  
  20  1:41  Probe  
  20  1:46  Assimilator  
  21  1:53  Probe  
  22  1:57  Adept (Chrono Boost)  
  22  1:58  Warp Gate (Chrono Boost)  
  24  2:05  Probe  
  25  2:17  Probe  
  25  2:18  Twilight Council  
  26  2:24  Stalker (Chrono Boost)  
  26  2:29  Probe  
  29  2:41  Probe  
  30  2:45  Probe  
  30  2:47  Stalker  
  33  2:51  Blink (Chrono Boost)  
  33  2:54  Probe  
  33  2:57  Probe  
  34  3:09  Gateway  
  34  3:14  Gateway  
  34  3:15  Probe  
  34  3:17  Probe  
  36  3:22  Shield Battery  
  36  3:27  Probe  
  36  3:30  Probe  
  36  3:32  Pylon  
  38  3:39  Stalker  
  40  3:42  Probe  
  41  3:49  Probe  
  41  3:54  Probe  
  43  4:01  Pylon  
  43  4:03  Probe, Stalker  
  43  4:07  Probe  
  47  4:10  Stalker x2  
  47  4:26  Stalker  
  49  4:34  Stalker  
  49  4:35  Probe, Stalker  
  49  4:36  Probe  
  49  4:38  Pylon  
  55  4:51  Stalker  
  46  4:58  Stalker x2  
Show
View Real Time Build Order
Export as new Build Order

Coffee Terran 

Build Orders: 1/1/1, Liberator Opening 

Get SALT Encoding   

  12  0:00  SCV  
  13  0:12  SCV  
  14  0:17  Supply Depot  
  14  0:24  SCV  
  15  0:38  SCV  
  15  0:40  Barracks  
  16  0:43  Refinery  
  16  0:50  SCV  
  16  0:53  Refinery  
  17  1:02  SCV  
  18  1:15  SCV  
  19  1:27  Orbital Command, Reaper  
  19  1:29  Supply Depot  
  20  1:41  Factory  
  20  1:53  Barracks  
  20  1:57  SCV  
  20  2:00  Barracks Reactor  
  21  2:09  SCV  
  21  2:10  Supply Depot  
  22  2:21  SCV  
  23  2:26  Factory Tech Lab  
  23  2:28  Starport  
  23  2:33  SCV  
  23  2:37  Marine x2  
  24  2:42  Marine  
  27  2:48  Siege Tank  
  30  2:54  Marine  
  30  2:55  Marine  
  32  3:01  Marine  
  32  3:05  Supply Depot  
  33  3:16  Marine  
  33  3:17  Marine  
  35  3:20  Siege Tank  
  35  3:24  Marine  
  35  3:26  Medivac  
  41  3:34  Marine x2  
  41  3:41  Supply Depot  
  45  3:56  Liberator  
  45  4:00  Marine x2  
  45  4:02  Marine  
  45  4:18  Marine  
  45  4:23  Marine x2  
  46  4:36  Marine  
  47  4:41  Marine  
Tags
 
Add a new tag
Caveats
  • Supply blocks, unpowered buildings, or Contaminate may cause inaccurate times.
  • Supply counts are checked every 10 seconds.